 Dungeon Crawl Stone Soup version 0.30.1-9-gdf580d7c3d (webtiles) character file.

Game seed: 12543801107912326275

327 Ivernyr the Shield-Bearer (level 6, 0/43 (49) HPs)
             Began as a Formicid Fighter on Oct 12, 2023.
             Slain by Pikel
             ... wielding a +2 whip of electrocution
              (1 damage)
             ... on level 3 of the Dungeon.
             The game lasted 00:04:45 (2621 turns).

Ivernyr the Shield-Bearer (Formicid Fighter)        Turns: 2621, Time: 00:04:47

HP:   0/43 (49)     AC:  7    Str: 21    XL:     6   Next: 79%
MP:   6/6           EV:  9    Int:  7    God:
Gold: 163           SH:  5    Dex: 15    Spells: 5/5 levels left

rFire   . . .        a - +0 long sword
rCold   . . .        c - +0 buckler
rNeg    + . .        b - +0 scale mail
rPois   .            (helmet unavailable)
rElec   .            (no cloak)
rCorr   .            (no gloves)
SInv    +            (no boots)
Will    .....        (no amulet) Stlth
                     d - ring of positive energy
HPRegen 0.27/turn    (no ring)
MPRegen 0.10/turn

%: no passive effects
@: heavily drained
A: permanent stasis, dig shafts and tunnels, antennae 3, four strong arms
a: Dig, Shaft Self


You were on level 3 of the Dungeon.
You visited 1 branch of the dungeon, and saw 4 of its levels.

You collected 163 gold pieces.

Inventory:

Hand Weapons
 a - a +0 long sword (weapon)
Armour
 b - a +0 scale mail (worn)
 c - a +0 buckler (worn)
Jewellery
 d - a ring of positive energy (left hand)
 t - a ring of magical power
Wands
 p - a wand of light (3)
Scrolls
 e - a scroll of torment {unknown}
 f - 6 scrolls of identify {unknown}
 g - a scroll of summoning {unknown}
 i - a scroll of enchant weapon {unknown}
 k - 2 scrolls of blinking {unknown}
 l - a scroll of fog {unknown}
 n - 2 scrolls of magic mapping {unknown}
 o - a scroll of fear {unknown}
 s - a scroll of brand weapon {unknown}
Potions
 j - 3 potions of haste {unknown}
 m - a potion of cancellation {unknown}
 q - a potion of ambrosia {unknown}
 r - a potion of degeneration {unknown}
 u - a potion of experience {unknown}


   Skills:
 + Level 4.4 Fighting
 * Level 4.5 Long Blades
 + Level 4.5 Armour
 + Level 5.4 Shields


You had 5 spell levels left.
You didn't know any spells.
Your spell library contained the following spells:

 Spells                   Type           Power      Damage    Failure   Level
 Sandblast                Erth           0%         2d4       83%         1
 Passwall                 Tmut/Erth      0%         N/A       92%         2
 Stone Arrow              Conj/Erth      0%         3d7       99%         3
 Animate Armour           Summ/Erth      0%         N/A       100%        4
 Lehudib's Crystal Spear  Conj/Erth      0%         10d2      100%        8


Dungeon Overview and Level Annotations

Branches:
Dungeon (4/15)
 Temple: D:4-7

Altars:
Sif Muna

Annotations:
D:3 3 runed translucent doors, Pikel; zxspectator's ghost, amateur GrFi


Innate Abilities, Weirdness & Mutations

You cannot be hasted, slowed, berserked, paralysed or teleported.
You can dig through walls and to a lower floor.
You have a pair of large antennae on your head. (SInv)
Your four strong arms can wield two-handed weapons with a shield.


Message History

The lemure is lightly wounded.
The lemure closely misses you.
You closely miss the lemure.
The lemure is lightly wounded.
The lemure hits you.
Okay, then.
You closely miss Pikel. You block Pikel's attack.
You barely miss Pikel.
Pikel hits you with a +2 whip of electrocution.
You hit Pikel.
Pikel is lightly wounded.
Pikel hits you with a +2 whip of electrocution.
You are electrocuted!
You slash Pikel!
Pikel is moderately wounded.
You block Pikel's attack.
You hit Pikel but do no damage.
Pikel is moderately wounded.
Pikel barely misses you. You block Pikel's attack.
You hit Pikel.
Pikel is moderately wounded.
You block Pikel's attack.
You slash Pikel!
Pikel is heavily wounded.
Pikel barely misses you.
You hit Pikel.
Pikel is heavily wounded.
Pikel barely misses you.
You slash Pikel!
Pikel is severely wounded.
Pikel hits you with a +2 whip of electrocution!
* * * LOW HITPOINT WARNING * * *
You feel better. Pikel barely misses you.
You slash Pikel!
Pikel is almost dead.
Pikel hits you with a +2 whip of electrocution.
You are electrocuted!
* * * LOW HITPOINT WARNING * * *
Pikel hits you with a +2 whip of electrocution.
You die...

.#
...o#o#..##...........)..#.#
.#
..##.{#..#########....####.#
.# ..8#o{#....#######.####
#.# ## ..##oo#............#
#.# 8...oo#..##.###....#
#####.##
#######8...5{...#.##
#....... ######5####.#
#....... ##K# #.# #.......
#@## #.# #....... ### #.#
#....... #.# #....... #.#
#####.## #.# #.# #.# #.# #.#
#.# #.# #)# #.########.#


You could see Pikel.

Vanquished Creatures
  Sigmund (D:2)
  4 gnolls (D:2)
  3 adders (D:3)
  5 worms
  A dart slug (D:3)
  10 orcs (D:3)
  6 ball pythons
  4 endoplasms
  7 giant cockroaches
  5 goblins
  2 hobgoblins
  6 kobolds
  2 quokkas
  6 bats
  5 frilled lizards
  5 rats
72 creatures vanquished.

Notes
Turn   | Place    | Note
-------+----------+-------------------------------------------
     0 | D:1      | Ivernyr the Formicid Fighter began the quest for the Orb.
     0 | D:1      | Reached XP level 1. HP: 18/18 MP: 1/1
   100 | D:1      | Reached XP level 2. HP: 24/24 MP: 2/2
   524 | D:1      | Reached XP level 3. HP: 29/29 MP: 3/3
  1194 | D:2      | Reached XP level 4. HP: 37/37 MP: 4/4
  1361 | D:2      | Noticed Sigmund
  1371 | D:2      | Killed Sigmund
  1372 | D:2      | Reached skill level 5 in Shields
  1372 | D:2      | Reached XP level 5. HP: 26/43 MP: 5/5
  1372 | D:2      | Reached XP level 6. HP: 30/49 MP: 6/6
  1375 | D:2      | Found a shimmering blue altar of Sif Muna.
  1883 | D:3      | Found a runed translucent gate.
  1883 | D:3      | Found a runed translucent gate.
  1885 | D:3      | Found a runed translucent gate.
  1887 | D:3      | Noticed zxspectator's ghost (amateur GrFi)
  1891 | D:3      | Identified the +1 sling of Fortitude {speed, rN+ Int+6}
  2532 | D:3      | Identified the +1 robe of Magic {Int+5}
  2600 | D:4      | Noticed Pikel
  2621 | D:3      | HP: 1/43 [Pikel/+2 whip of electrocution (15)]
  2621 | D:3      | Slain by Pikel

Illustrated notes

Levels and vault maps discovered:
D:1:      co_arrival_square_in_a_square_in_a_square, layout_basic,
          minmay_domino_4
D:2:      layout_basic, basic_altar, uniq_sigmund
D:3:      layout_basic, biasface_ghost_orc_armoury
D:4:      layout_loops_cross, minmay_temple_entry_proselytizer, st_stairs_5,
          uniq_pikel

Skill      XL: |  1  2  3  4 |
---------------+-------------+-----
Long Blades    | 4 |  4.5
Fighting       | 4 |  4.4
Armour         | 4 |  4.5
Shields        | 5 |  5.4

Action                     |  1- 3 |  4- 6 || total
---------------------------+-------+-------++-------
  Melee: Long sword        |   104 |   161 ||   265
Ability: Dig               |       |     1 ||     1
    Use: Potion            |       |     2 ||     2
 Armour: Scale mail        |    40 |    50 ||    90
  Dodge: Dodged            |    41 |    61 ||   102
  Block: Buckler           |    30 |    40 ||    70
